 Dungeon Crawl Stone Soup version 0.21.1-1-g345015fe64 (webtiles) character file.

186 Mrkan the Ruffian (level 5, 0/53 HPs)
             Began as a Troll Monk on May 6, 2018.
             Slain by Menkaure (10 damage)
             ... on level 4 of the Dungeon.
             The game lasted 00:04:11 (1536 turns).

Mrkan the Ruffian (Troll Monk)                      Turns: 1536, Time: 00:04:12

Health: 0/53       AC:  5    Str: 19    XL:     5   Next: 38%
Magic:  4/4        EV: 11    Int:  6    God:
Gold:   94         SH:  0    Dex: 13    Spells: 4/4 levels left

rFire    . . .     SeeInvis .     - Unarmed
rCold    . . .     Gourm    +   (no shield)
rNeg     . . .     Faith    .   a - +0 robe
rPois    .         Spirit   .   (helmet restricted)
rElec    .         Reflect  .   (no cloak)
rCorr    .         Harm     .   (gloves unavailable)
MR       .....                  (boots unavailable)
Stlth    ++........             (no amulet)
HPRegen  0.57/turn              (no ring)
MPRegen  0.09/turn              (no ring)

@: no status effects
A: large, unfitting armour, claws 3, fast metabolism 3, gourmand, regeneration
1, shaggy fur 1, tough skin 2
a: no special abilities


You were on level 4 of the Dungeon.
You were completely stuffed.

You visited 1 branch of the dungeon, and saw 3 of its levels.

You collected 94 gold pieces.

Inventory:

Armour
 a - a +0 robe (worn)
Jewellery
 c - an uncursed amulet of rage {unknown}
 f - a cursed ring of loudness {unknown}
 l - an uncursed amulet of the gourmand {unknown}
 r - a +2 ring of slaying {unknown}
Wands
 o - a wand of random effects (37)
 s - a wand of flame (21)
Scrolls
 g - 2 scrolls of remove curse {unknown}
 h - 2 scrolls of identify {unknown}
 i - a scroll of enchant weapon {unknown}
 k - a scroll of amnesia {unknown}
 m - a scroll of random uselessness {unknown}
 p - 2 scrolls of magic mapping {unknown}
Potions
 e - a potion of berserk rage {unknown}
 j - a potion of degeneration {unknown}
 n - 2 potions of flight {unknown}
 q - 4 potions of curing {unknown}
Comestibles
 b - 4 rations
 d - 6 chunks of flesh


   Skills:
 + Level 3.2 Fighting
 + Level 3.2 Dodging
 - Level 1.1 Stealth
 * Level 4.7 Unarmed Combat


You had 4 spell levels left.
You didn't know any spells.

Dungeon Overview and Level Annotations

Branches:
Dungeon (2/15)

Altars:
Xom

Annotations:
D:4 Menkaure


Innate Abilities, Weirdness & Mutations

You are too large for most types of armour.
You have claws for hands.
Your metabolism is lightning-fast.
You like to eat raw meat.
Your natural rate of healing is unusually fast.
You are covered in fur. (AC +1)
You have very tough skin. (AC +2)


Message History

Menkaure seems to speed up.
You scratch Menkaure.
Menkaure is moderately damaged.
Menkaure hits you.
You completely miss Menkaure.
Menkaure is moderately damaged.
Menkaure barely misses you.
You scratch Menkaure.
Menkaure is moderately damaged.
Menkaure points at you and mumbles some strange words.
Pain shoots through your body!
You claw Menkaure!
Menkaure is severely damaged.
Menkaure gestures at you while chanting.
Pain shoots through your body!
* * * LOW HITPOINT WARNING * * *
You scratch Menkaure.
Menkaure is almost destroyed.
Menkaure hits you!
You die...

### ..# #.# #.# #.#
#######.########.#
..........@M......
#######.########.#
#######.########.#
..................
#.....................
.#.....................
.......................
#.#<....................
#.#.................)...


You could see Menkaure.

Vanquished Creatures
  2 orc wizards (D:4)
  A centaur skeleton (D:4)
  2 gnolls (D:1)
  2 adders (D:2)
  A worm (D:2)
  A dart slug (D:2)
  2 leopard geckos
  3 orcs (D:4)
  5 bats
  A giant cockroach (D:1)
  7 goblins
  7 hobgoblins
  6 jackals
  5 kobolds
  11 frilled lizards
  A leopard gecko skeleton (D:4)
  5 rats
62 creatures vanquished.

Notes
Turn   | Place    | Note
-------+----------+-------------------------------------------
     0 | D:1      | Mrkan the Troll Monk began the quest for the Orb.
     0 | D:1      | Reached XP level 1. HP: 22/22 MP: 0/0
   123 | D:1      | Reached XP level 2. HP: 29/29 MP: 1/1
   419 | D:1      | Reached XP level 3. HP: 28/36 MP: 2/2
  1000 | D:2      | Reached skill level 4 in Unarmed Combat
  1028 | D:2      | Reached XP level 4. HP: 44/44 MP: 3/3
  1189 | D:2      | Found a shimmering altar of Xom.
  1191 | D:2      | Found a shimmering altar of Xom.
  1194 | D:2      | Found a shimmering altar of Xom.
  1288 | D:2      | You fall through a shaft for 2 floors!
  1374 | D:4      | Reached XP level 5. HP: 24/53 MP: 4/4
  1527 | D:4      | Noticed Menkaure
  1536 | D:4      | Slain by Menkaure

Skill      XL: |  1  2  3  4 |
---------------+-------------+-----
Unarmed Combat | 4 |  4.7
Dodging        | 3 |  3.2
Fighting       | 3 |  3.2
Stealth        | |  1.1

Action                   |  1- 3 |  4- 6 || total
-------------------------+-------+-------++-------
Melee: Unarmed           |    85 |    68 ||   153
       Punch             |     1 |     2 ||     3
 Stab: Sleeping          |     5 |       ||     5
  Eat: Chunk             |    15 |     5 ||    20
Armor: Robe              |    31 |    24 ||    55
Dodge: Dodged            |    35 |    49 ||    84
